AoeStats
← John

Nomad

503582866Analyzed
4v4 RM · 1mo ago on Sep 1, 2026· 51m 17s· 8 players
Game mode
Random Map
Map size
231×231
Population
200
Speed
Normal
Resources
Standard
Victory
Conquest
Starting age
Dark Age
Ending age
Imperial Age
RankedLock teamsTeams togetherTeam positionsShared explorationLock speedFull tech treeHidden civsTurbo modeCheats
Victory
Defeat
🇹🇼 Burgundians · Taiwan
888
+14
🇵🇱 Poles · Poland
881
+15
🇹🇼 Vietnamese · Taiwan
870
+15
🇧🇷 Bohemians · Brazil
861
+16
🇨🇳 Franks · China
884
-16
🇨🇳 Celts · China
854
-15
🇨🇳 Poles · China
840
-39
🇹🇼 Portuguese · Taiwan
827
-14
John
15:06 Feudal Age
15:13 Man-at-Arms
15:36 Horse Collar
19:08 Wheelbarrow
21:32 Forging
21:17 Gold Mining
21:18 Stone Mining
21:30 Double-Bit Axe
23:28 Loom
26:42 Castle Age
25:35 Fletching
25:51 Scale Barding Armor
27:42 Bloodlines
26:56 Long Swordsman
27:37 Squires
27:40 Heavy Plow
28:21 Bow Saw
28:57 Stone Shaft Mining
27:58 Light Cavalry
28:39 Husbandry
29:44 Hand Cart
32:41 Iron Casting
32:02 Bodkin Arrow
33:26 Szlachta Privileges
36:05 Murder Holes
35:51 Treadmill Crane
36:36 Ballistics
40:25 Treadmill Crane
47:44 Chain Barding Armor
救救我吧
15:45 Feudal Age
17:16 Loom
18:15 Double-Bit Axe
20:52 Castle Age
19:41 Loom
26:38 Gold Mining
28:14 Wheelbarrow
32:34 Bow Saw
36:04 Imperial Age
33:53 Hand Cart
33:24 Town Watch
34:10 Husbandry
34:46 Town Patrol
35:23 Gold Shaft Mining
34:38 Stone Mining
37:11 Conscription
37:17 Scale Barding Armor
40:09 Chain Barding Armor
39:12 Cavalier
43:09 Paladin
老多金仙人
3:57 Loom
32:30 Feudal Age
33:36 Fletching
33:56 Double-Bit Axe
38:40 Castle Age
38:19 Stone Mining
39:15 Scale Barding Armor
41:30 Wheelbarrow
42:04 Bodkin Arrow
42:44 Guard Tower
43:20 Ballistics
44:09 Gold Mining
44:32 Bow Saw
Nick76Luo
4:26 Loom
14:05 Feudal Age
14:57 Double-Bit Axe
15:01 Fishing Lines
15:58 Gold Mining
17:56 Stone Mining
18:14 Town Watch
20:31 Castle Age
20:52 Wheelbarrow
22:08 Bow Saw
23:08 Gillnets
25:09 Hand Cart
25:37 Stone Shaft Mining
25:37 Gold Shaft Mining
27:51 Fletching
30:35 Bodkin Arrow
30:53 Forging
30:45 Scale Mail Armor
34:20 Imperial Age
31:53 Town Patrol
32:51 Pikeman
33:17 Arson
34:09 Iron Casting
33:22 Horse Collar
33:52 Devotion
33:48 Herbal Medicine
33:37 Treadmill Crane
34:57 Heavy Plow
34:23 Halberdier
36:05 Blast Furnace
35:21 Chain Mail Armor
40:25 Plate Mail Armor
42:00 Conscription
43:03 Furor Celtica
43:50 Capped Ram
giancarlo7
14:47 Feudal Age
16:05 Wheelbarrow
15:18 Double-Bit Axe
15:24 Horse Collar
24:06 Castle Age
22:58 Stone Mining
23:02 Gold Mining
23:19 Scale Barding Armor
23:26 Forging
24:03 Scale Mail Armor
25:14 Hand Cart
25:26 Bow Saw
27:40 Chain Barding Armor
31:12 Imperial Age
30:50 Szlachta Privileges
30:48 Husbandry
31:08 Chain Mail Armor
32:14 Iron Casting
35:08 Conscription
37:44 Plate Mail Armor
37:16 Cavalier
41:26 Blast Furnace
teru0215
11:39 Loom
15:23 Feudal Age
13:54 Double-Bit Axe
18:55 Bow Saw
19:48 Fletching
20:10 Forging
27:46 Castle Age
25:58 Horse Collar
28:33 Heavy Plow
28:15 Cavalier
28:56 Husbandry
29:38 Iron Casting
29:10 Scale Barding Armor
30:28 Wheelbarrow
30:19 Gold Mining
33:07 Gold Shaft Mining
33:51 Chain Barding Armor
40:24 Fletching
40:34 Murder Holes
41:27 Masonry
42:33 Husbandry
48:34 Imperial Age
47:46 Town Watch
49:03 Paladin
acqq331
6:57 Loom
17:44 Feudal Age
18:32 Double-Bit Axe
23:09 Castle Age
20:56 Horse Collar
22:48 Stone Mining
27:21 Bow Saw
27:15 Heavy Plow
32:55 Wheelbarrow
33:03 Husbandry
35:46 Imperial Age
35:56 Imperial Age
33:27 Treadmill Crane
35:14 Hand Cart
38:09 Gold Mining
38:58 Paper Money
39:08 Paper Money
38:26 Elite Rattan Archer
40:07 Murder Holes
40:33 Ballistics
41:13 Chemistry
40:08 Fletching
40:19 Padded Archer Armor
41:22 Two-Man Saw
40:54 Crop Rotation
42:31 Bodkin Arrow
42:51 Leather Archer Armor
46:32 Stone Shaft Mining
47:27 Bracer
47:57 Ring Archer Armor
carlosauberto
4:33 Loom
15:55 Feudal Age
17:32 Wheelbarrow
17:18 Double-Bit Axe
21:07 Fishing Lines
24:53 Castle Age
23:10 Horse Collar
23:22 Fletching
23:33 Padded Archer Armor
23:51 Arson
25:38 Heavy Plow
26:41 Bow Saw
26:10 Demolition Ship
27:11 Medium Warships
30:54 Bodkin Arrow
31:14 Leather Archer Armor
31:10 Squires
32:43 Gillnets
34:01 Hand Cart
33:57 Caravan
34:25 Leather Archer Armor
37:55 Imperial Age
36:58 Murder Holes
38:04 Chemistry
37:25 Ballistics
37:04 Murder Holes
37:19 Fortified Wall
37:22 Scale Mail Armor
37:03 Demolition Ship
37:38 Treadmill Crane
38:54 Clinker Construction
39:45 Fervor
41:05 Elite Hussite Wagon
41:51 Wagenburg Tactics
43:39 Two-Man Saw
43:12 Heavy Warships
43:07 Heavy Scorpion
43:23 Pikeman
43:23 Man-at-Arms
45:33 Forging
45:28 Scale Barding Armor
46:13 Onager
46:13 Capped Ram
47:58 Hussite Reforms
48:13 Conscription
48:18 Sappers
48:51 Arrowslits
48:57 Guard Tower
Connection lost

Rejoining the realm…

Still unreachable

The connection could not be restored.

Session expired

The server has moved on; the page needs a fresh start.